 Dungeon Crawl Stone Soup version 0.20-a0-296-gf222164 (webtiles) character file.

3392 Karnivor the Grasshopper (level 9, -10/84 HPs)
             Began as a Troll Warper on Dec 14, 2016.
             Was a Follower of Kikubaaqudgha.
             Mangled by a two-headed ogre
             ... wielding a +0 giant club
              (21 damage)
             ... on level 8 of the Dungeon.
             The game lasted 00:44:29 (8611 turns).

Karnivor the Grasshopper (Troll Warper)             Turns: 8611, Time: 00:44:30

Health: -10/84     AC:  9    Str: 21    XL:     9   Next: 75%
Magic:  12/14      EV: 11    Int: 12    God:    Kikubaaqudgha [*.....]
Gold:   409        SH:  0    Dex:  9    Spells: 0/16 levels left

rFire  . . .     SeeInvis .       - Unarmed
rCold  . . .     Gourm    +     a - +1 robe
rNeg   . . .     Faith    .     (no shield)
rPois  .         Spirit   .     (helmet restricted)
rElec  .         Reflect  .     H - +2 cloak
rCorr  .         Harm     .     (gloves unavailable)
MR     .....                    (boots unavailable)
Stlth  ++........               (no amulet)
                                (no ring)
                                K - ring of stealth

@: no status effects
A: unfitting armour, claws 3, fast metabolism 3, gourmand, regeneration 1,
shaggy fur 1, tough skin 2
a: Receive Corpses, Renounce Religion


You were on level 8 of the Dungeon.
You worshipped Kikubaaqudgha.
Kikubaaqudgha was aware of your devotion.
You were not hungry.

You visited 2 branches of the dungeon, and saw 9 of its levels.

You collected 409 gold pieces.

Inventory:

Missiles
 d - 4 tomahawks of dispersal
 q - 26 stones (quivered)
 w - 7 tomahawks
Armour
 a - a +1 robe (worn)
 H - a +2 cloak (worn)
Jewellery
 K - a ring of stealth (left claw)
Wands
 A - a wand of flame (24/48)
 E - a wand of disintegration (11/24)
Scrolls
 c - 2 scrolls of blinking
 g - 4 scrolls of remove curse
 h - a scroll of identify
 l - 3 scrolls of enchant armour
 p - 2 scrolls of teleportation
 r - a scroll of fear
 s - 2 scrolls of fog
 y - a scroll of recharging
 M - a scroll of magic mapping
Potions
 m - a potion of cancellation
 n - a potion of haste
 o - a potion of flight
 t - a potion of agility
 u - a potion of brilliance
 v - a potion of mutation {unknown}
 x - a potion of berserk rage
 z - 2 potions of cure mutation
 C - a potion of might {unknown}
 I - 2 potions of lignification
 J - a potion of beneficial mutation {unknown}
 L - a potion of resistance {unknown}
Books
 b - a book of Spatial Translocations

   Spells                             Type                      Level
   a - Blink                          Translocation                2
   b - Shroud of Golubria             Charms/Translocation         2
   c - Lesser Beckoning               Translocation                3
   d - Portal Projectile              Translocation                3
   e - Teleport Other                 Translocation                3
   f - Passage of Golubria            Translocation                4
 e - Kikubaaqudgha's Catalogue of Dark Magic
   (Kikubaaqudgha gifted it to you on level 7 of the Dungeon)

   Spells                             Type                      Level
   a - Animate Skeleton               Necromancy                   1
   b - Corpse Rot                     Necromancy                   2
   c - Sublimation of Blood           Necromancy                   2
   d - Regeneration                   Charms/Necromancy            3
   e - Control Undead                 Necromancy                   4
 D - a book of Misfortune

   Spells                             Type                      Level
   a - Confusing Touch                Hexes                        1
   b - Confuse                        Hexes                        3
   c - Gell's Gravitas                Hexes/Translocation          3
   d - Petrify                        Transmutation/Earth          4
   e - Metabolic Englaciation         Hexes/Ice                    5
   f - Yara's Violent Unravelling     Hexes/Transmutation          5
 F - a book of Changes

   Spells                             Type                      Level
   a - Beastly Appendage              Transmutation                1
   b - Sticks to Snakes               Transmutation                2
   c - Spider Form                    Transmutation/Poison         3
   d - Ice Form                       Ice/Transmutation            4
   e - Blade Hands                    Transmutation                5
 G - a book of Frost

   Spells                             Type                      Level
   a - Freeze                         Ice                          1
   b - Throw Frost                    Conjuration/Ice              2
   c - Ozocubu's Armour               Charms/Ice                   3
   d - Throw Icicle                   Conjuration/Ice              4
   e - Summon Ice Beast               Ice/Summoning                4
Comestibles
 f - 3 bread rations
 j - 4 meat rations
 B - 7 fruits


   Skills:
 + Level 4.0 Fighting
 - Level 3.8 Throwing
 + Level 3.8 Dodging
 + Level 4.4 Unarmed Combat
 * Level 4.2 Spellcasting
 + Level 1.6 Hexes
 + Level 2.8 Charms
 * Level 2.3 Necromancy
 + Level 4.6 Translocations
 + Level 2.3 Evocations


You couldn't memorise any spells.
You knew the following spells:

 Your Spells              Type           Power        Failure   Level  Hunger
a - Shroud of Golubria    Chrm/Tloc      ##........   10%         2    ##.....
b - Confusing Touch       Hex            #.....       12%         1    None
c - Blink                 Tloc           N/A          6%          2    ##.....
d - Portal Projectile     Tloc           ##....       12%         3    ###....
e - Passage of Golubria   Tloc           N/A          34%         4    ####...
f - Sublimation of Blood  Necr           #.........   14%         2    ##.....
g - Corpse Rot            Necr           N/A          14%         2    ##.....


Dungeon Overview and Level Annotations

Branches:
Dungeon (8/15)             Temple (1/1) D:4
   Lair: D:8-11

Altars:
Ashenzari
Cheibriados
Dithmenos
Elyvilon
Fedhas
Gozag
Hepliaklqana
Kikubaaqudgha
Makhleb
Nemelex Xobeh
Okawaru
Qazlal
Ru
Sif Muna
Trog
Uskayaw
Vehumet
Xom
Yredelemnul
Zin
The Shining One

Annotations:
D:3 kazak's ghost, amateur NaFi


Innate Abilities, Weirdness & Mutations

You are too large for most types of armour.
You have claws for hands.
Your metabolism is lightning-fast.
You like to eat raw meat.
Your natural rate of healing is unusually fast.
You are covered in fur. (AC +1)
You have very tough skin. (AC +2)


Message History

The two-headed ogre barely misses you.
The two-headed ogre hits you with a giant club!
* * * LOW HITPOINT WARNING * * *
You scratch the two-headed ogre but do no damage.
The two-headed ogre hits you but does no damage.
The two-headed ogre barely misses you.
You scratch the two-headed ogre but do no damage.
Your claws stop glowing.
Casting: Confusing Touch
Confirm with . or Enter, or press ? or * to list all spells.
Your claws begin to glow red.
The two-headed ogre barely misses you.
The two-headed ogre hits you with a giant club.
* * * LOW HITPOINT WARNING * * *
You scratch the two-headed ogre but do no damage.
The two-headed ogre appears confused.
Your claws stop glowing.
The two-headed ogre closely misses you.
The two-headed ogre hits you with a giant club!!
You die...
Kikubaaqudgha rasps: "You have failed me!
Welcome... death!"

####.##.... #..........
#.##.#..... #.##.#.###.
#.......... #....#.####
##....#<# # # #####
#......)#### ...##.##.@O#
#.##.#...... .........#.#
#.##...#####
...##.##...####.##........
# ##.......####.####.
#.....#.......# #..
#.....#.###.### #..
#[.......># # #..
#.....#.#.# #..
#######...........# #..


You could see a two-headed ogre (confused).

Vanquished Creatures
  Pikel (D:6)
  Grinder (D:5)
  A hippogriff (D:8)
  A hungry ghost (D:7)
  Duvessa (D:4)
  3 slaves
  A black bear (D:6)
  A phantom (D:5)
  2 ogres
  A centaur (D:5)
  A big kobold (D:7)
  5 bullfrogs
  Dowan (D:4)
  3 scorpions
  A water moccasin skeleton (D:7)
  5 wights (D:7)
  5 killer bees (D:8)
  A howler monkey (D:6)
  3 hounds
  3 jellies
  3 orc priests
  2 iguanas
  6 orc wizards
  5 worker ants
  A hound skeleton (D:6)
  A howler monkey skeleton (D:8)
  9 adders
  2 shadow imps
  2 adder skeletons
  4 worms
  4 dart slugs
  A leopard gecko (D:3)
  25 orcs
  2 ball pythons (D:1)
  6 giant cockroaches
  6 goblins
  11 hobgoblins
  2 jackals (D:7)
  6 quokkas
  12 bats
  4 frilled lizards
  10 kobolds
  A quokka skeleton (D:4)
  8 rats
174 creatures vanquished.

Notes
Turn   | Place    | Note
-------+----------+-------------------------------------------
     0 | D:1      | Karnivor the Troll Warper began the quest for the Orb.
     0 | D:1      | Reached XP level 1. HP: 19/19 MP: 1/1
    22 | D:1      | Reached skill level 1 in Throwing
   161 | D:1      | Reached XP level 2. HP: 27/27 MP: 3/3
   190 | D:1      | Learned a level 2 spell: Shroud of Golubria
   624 | D:1      | Reached XP level 3. HP: 33/33 MP: 4/4
   631 | D:1      | Learned a level 2 spell: Blink
  1279 | D:2      | Found an iron altar of Okawaru.
  1585 | D:2      | Reached XP level 4. HP: 42/42 MP: 5/5
  1875 | D:3      | Reached XP level 5. HP: 41/49 MP: 1/6
  1945 | D:2      | Learned a level 3 spell: Portal Projectile
  2028 | D:3      | Noticed kazak's ghost (amateur NaFi)
  2656 | D:3      | Reached skill level 1 in Charms
  2991 | D:4      | Found a staircase to the Ecumenical Temple.
  3002 | Temple   | Entered the Ecumenical Temple
  3271 | D:4      | Found a basalt altar of Yredelemnul.
  3276 | D:4      | Found a glowing golden altar of the Shining One.
  3278 | D:4      | Noticed an angel
  3367 | D:4      | Noticed Dowan
  3368 | D:4      | Noticed Duvessa
  3398 | D:4      | Killed Duvessa
  3398 | D:4      | Reached XP level 6. HP: 37/59 MP: 4/8
  3423 | D:4      | Found an iron altar of Okawaru.
  3437 | D:4      | Killed Dowan
  3517 | D:4      | Found a deep blue altar of Sif Muna.
  3517 | D:4      | Found a stormy altar of Qazlal.
  3530 | D:4      | Found a hide-covered altar of Uskayaw.
  3534 | D:4      | Found a sacrificial altar of Ru.
  3980 | D:5      | Entered Level 5 of the Dungeon
  4008 | D:4      | Reached XP level 7. HP: 42/66 MP: 6/9
  4313 | D:5      | Found a shadowy altar of Dithmenos.
  4572 | D:5      | Noticed Grinder
  4579 | D:5      | Paralysed by Grinder for 4 turns
  4585 | D:5      | Killed Grinder
  4637 | D:5      | Learned a level 4 spell: Passage of Golubria
  4842 | D:6      | Reached XP level 8. HP: 70/74 MP: 7/11
  4852 | D:6      | Learned a level 1 spell: Confusing Touch
  5306 | D:6      | Found an ancient bone altar of Kikubaaqudgha.
  5452 | D:6      | Found a blossoming altar of Fedhas.
  5519 | D:6      | Became a worshipper of Kikubaaqudgha
  6164 | D:7      | Reached skill level 1 in Evocations
  6453 | D:7      | Reached skill level 1 in Hexes
  6555 | D:7      | Reached XP level 9. HP: 75/83 MP: 13/13
  6665 | D:7      | Reached skill level 1 in Necromancy
  6695 | D:7      | Noticed Pikel
  6847 | D:7      | Paralysed by fainting for 11 turns
  7027 | D:6      | HP: 3/83 [slave[Pikel] (3)]
  7213 | D:6      | Killed Pikel
  7411 | D:7      | Reached * piety under Kikubaaqudgha
  7411 | D:7      | Identified Kikubaaqudgha's Catalogue of Dark Magic (Kikubaaqudgha gifted it to you on level 7 of the Dungeon)
  7411 | D:7      | Received a gift from Kikubaaqudgha
  7420 | D:7      | Learned a level 2 spell: Sublimation of Blood
  7423 | D:7      | Learned a level 2 spell: Corpse Rot
  7737 | D:8      | Noticed a two-headed ogre
  7949 | D:8      | Found a shattered altar of Ashenzari.
  7981 | D:8      | Noticed a two-headed ogre
  7993 | D:8      | HP: 2/84 [two-headed ogre/dire flail (26)]
  7999 | D:8      | HP: 1/84 [poisoned by an orc]
  8004 | D:8      | HP: 1/84 [poisoned by an orc]
  8009 | D:8      | HP: 2/84 [poisoned by an orc]
  8191 | D:8      | Found a bloodstained altar of Trog.
  8611 | D:8      | Mangled by a two-headed ogre

Vault maps used:
D:1:      dpeg_arrival_rooms_with_view, st_stairs_13
D:2:      kennysheep_okawaru_gauntlet
D:4:      grunt_temple_overflow_holy_war, minmay_overflow_temple_star_hex,
          first_bread, uniq_duvessa
D:5:      nicolae_dithmenos_the_darkroom, uniq_grinder
D:6:      kiku_gazebo_garden_becter, fedhas_altar_fruit_tree
D:7:      uniq_pikel
D:8:      basic_altar, evilmike_ruin_ashenzari
Temple:   nicolae_temple_figure_eight

Skill      XL: |  1  2  3  4  5  6  7  8  9 |
---------------+----------------------------+-----
Throwing       | 1 2 3 |  3.8
Dodging        | 2 3 |  3.8
Fighting       | 2 3 4 |  4.0
Charms         | 1 2 |  2.8
Spellcasting   | 2 3 4 |  4.2
Translocations | 3 4 |  4.6
Unarmed Combat | 3 4 |  4.4
Evocations     | 1 2 |  2.3
Hexes          | 1 |  1.6
Necromancy     | 2 |  2.3

Action                   |  1- 3 |  4- 6 |  7- 9 || total
-------------------------+-------+-------+-------++-------
Melee: Unarmed           |   132 |   219 |   499 ||   850
       Punch             |     4 |     2 |     8 ||    14
Throw: Stone             |     5 |       |     4 ||     9
       Tomahawk          |     1 |       |       ||     1
 Cast: Shroud of Golubri |     1 |    10 |    29 ||    40
       Blink             |       |     1 |     6 ||     7
       Confusing Touch   |       |       |    29 ||    29
       Corpse Rot        |       |       |     2 ||     2
  Use: Scroll            |       |    15 |     7 ||    22
       Potion            |       |       |     1 ||     1
 Stab: Confused          |       |       |    10 ||    10
       Sleeping          |       |       |     4 ||     4
  Eat: Chunk             |    20 |    21 |    26 ||    67
       Beef jerky        |       |       |     4 ||     4
       Bread ration      |       |       |     3 ||     3
       Royal jelly       |       |       |     1 ||     1
Armor: Robe              |    41 |    83 |   195 ||   319
Dodge: Dodged            |    75 |   100 |   293 ||   468
